AoeStats
← Carple

Migration

505753626Analyzed
1v1 RM · 22d ago on Sep 10, 2026· 37m 43s· 2 players
Game mode
Random Map
Map size
132×132
Population
200
Speed
Normal
Resources
Standard
Victory
Conquest
Starting age
Dark Age
Ending age
Imperial Age
RankedLock teamsTeams togetherTeam positionsShared explorationLock speedFull tech treeHidden civsTurbo modeCheats
Victory
Defeat
🇨🇦 Japanese · Canada
1252
+15
🇲🇽 Japanese · Mexico
1240
-15
Thanathoz130
5:12 Loom
11:54 Feudal Age
12:23 Double-Bit Axe
12:26 Fishing Lines
18:30 Castle Age
17:02 Fletching
18:53 Padded Archer Armor
19:11 Bodkin Arrow
19:49 Demolition Ship
21:05 Gillnets
24:00 Horse Collar
27:57 Scale Mail Armor
28:02 Arson
29:12 Chain Mail Armor
29:57 Squires
30:16 Forging
31:47 Iron Casting
32:54 Wheelbarrow
35:52 Thumb Ring
36:32 Bow Saw
37:06 Gold Mining
38:06 Ballistics
Carple
13:35 Feudal Age
13:45 Loom
14:05 Fishing Lines
15:21 Double-Bit Axe
18:30 Gold Mining
18:30 Stone Mining
18:36 Horse Collar
21:00 Castle Age
20:11 Fletching
20:32 Forging
22:01 Wheelbarrow
21:12 Town Watch
21:53 Squires
22:18 Bow Saw
22:12 Heavy Plow
22:45 Medium Warships
23:34 Bodkin Arrow
24:16 Iron Casting
23:42 Scale Mail Armor
23:42 Padded Archer Armor
25:38 Bloodlines
25:28 Husbandry
25:33 Arson
26:06 Pikeman
32:18 Chain Mail Armor
32:05 Gillnets
32:49 Demolition Ship
37:20 Imperial Age
37:59 Hand Cart
38:26 Conscription
Connection lost

Rejoining the realm…

Still unreachable

The connection could not be restored.

Session expired

The server has moved on; the page needs a fresh start.